 Dungeon Crawl Stone Soup version 0.20-a0-1124-g2e29d97 (webtiles) character file.

180858 4thArraOfDagon the Severer (level 18, -1/204 HPs)
             Began as a Hill Orc Conjurer on May 15, 2017.
             Was the Champion of Okawaru.
             Slain by a merfolk
             ... wielding a +0 spear
              (14 damage)
             ... on level 3 of the Shoals on May 16, 2017.
             The game lasted 02:04:21 (21517 turns).

4thArraOfDagon the Severer (Hill Orc Conjurer)     Turns: 21517, Time: 02:04:22

Health: -1/204     AC: 30    Str: 15    XL:     18   Next: 28%
Magic:  22/31      EV: 11    Int: 22    God:    Okawaru [******]
Gold:   609        SH:  0    Dex: 14    Spells: 20/35 levels left

rFire    + + .     SeeInvis .   n - +3 battleaxe (elec)
rCold    + + +     Gourm    .   (shield currently unavailable)
rNeg     + + +     Faith    .   (armour currently unavailable)
rPois    ∞         Spirit   .   l - +2 helmet {Int+3}
rElec    +         Reflect  .   G - scarf {rC+ rF+}
rCorr    .         Harm     .   (gloves currently unavailable)
MR       ++++.                  (boots currently unavailable)
Stlth    ++........             K - amulet of regeneration
Regen    0.9/turn               S - ring "Toivuh" {rC+ rN++ MR+++ Dex+3 Stlth-}
MPRegen  0.3/turn               W - ring "Etinyg" {rF+ Slay+3}

@: statue-form, heroism, finesse, held, studying Fighting, very slow
A: cold resistance 1, mutation resistance 1
a: End Transformation, Heroism, Finesse, Renounce Religion


You were on level 3 of the Shoals.
You worshipped Okawaru.
Okawaru was exalted by your worship.
You were not hungry.
You were a stone statue.
You visited 6 branches of the dungeon, and saw 30 of its levels.
You visited the Abyss 1 time.
You also visited: Labyrinth and Ice Cave.

You collected 3202 gold pieces.
You spent 2593 gold pieces at shops.

Inventory:

Hand Weapons
 a - the +9 morningstar of Prudence {flame, rPois Str+4 Int+2}
   (You found it in an ice cave)

   It has been specially enchanted to burn those struck by it, causing extra
   injury to most foes and up to half again as much damage against particularly
   susceptible opponents.
   It affects your strength (+4).
   It affects your intelligence (+2).
   It protects you from poison.
 n - a +3 battleaxe of electrocution (weapon)
 u - the +1 executioner's axe of the Ghost {freeze, rC- MR++ Dex+5}
   (Okawaru gifted it to you on level 12 of the Dungeon)

   It has been specially enchanted to freeze those struck by it, causing extra
   injury to most foes and up to half again as much damage against particularly
   susceptible opponents.
   It can also slow down cold-blooded creatures.
   It affects your dexterity (+5).
   It makes you vulnerable to cold.
   It affects your resistance to hostile enchantments.
 w - a +5 battleaxe of protection
 N - the +7 lajatang of Order {silver, rMut}
   (You took it off a deep elf sorcerer on level 3 of the Elven Halls)

   It protects you from mutation.
Armour
 l - a +2 helmet of intelligence (worn)
 s - a +3 troll leather armour
 t - a +2 buckler of protection
 x - the cursed +0 pair of gloves "Xurupedo" (melded) {Str+4}
   (You found it on level 14 of the Dungeon)

   It affects your strength (+4).
   It has a curse placed upon it.
 y - a +2 pair of boots (melded)
 E - the +4 ring mail of Makhleb's Benevolence (melded) {rElec rPois rF- Int+6}
   (You found it on level 7 of the Dungeon)

   It affects your intelligence (+6).
   It makes you vulnerable to fire.
   It insulates you from electricity.
   It protects you from poison.
 G - a scarf of resistance (worn)
Magical Staves
 b - an uncursed staff of wizardry {!a}
Jewellery
 c - an uncursed ring of flight {unknown}
 e - an uncursed ring of protection from cold
 r - an uncursed ring of protection from magic
 K - an amulet of regeneration (around neck)
 S - the ring "Toivuh" (left hand) {rC+ rN++ MR+++ Dex+3 Stlth-}
   (You took it off a deep elf sorcerer on level 3 of the Elven Halls)

   [ring of dexterity]

   It affects your dexterity (+3).
   It protects you from cold.
   It greatly protects you from negative energy.
   It affects your resistance to hostile enchantments.
   It makes you less stealthy.
 U - the ring of the Yeti {Wiz rElec rC+ SInv}
   (You acquired it on level 6 of the Dungeon)

   [ring of wizardry]

   It improves your spell success rate.
   It protects you from cold.
   It insulates you from electricity.
   It lets you see invisible.
 W - the ring "Etinyg" (right hand) {rF+ Slay+3}
   (You found it on level 2 of the Abyss)

   [ring of protection from fire]

   It affects your accuracy and damage with ranged weapons and melee attacks
   (+3).
   It protects you from fire.
Wands
 g - a wand of clouds (0/9)
 i - a wand of digging (16/24)
 o - a wand of digging (0/24)
 X - a wand of enslavement (10/24)
Scrolls
 d - a scroll of recharging
 h - a scroll of holy word
 j - 14 scrolls of remove curse
 p - 4 scrolls of magic mapping
 q - a scroll of silence {unknown}
 B - a scroll of blinking
 C - 2 scrolls of immolation
 F - 7 scrolls of teleportation
 H - 4 scrolls of enchant weapon
 O - a scroll of identify
 P - 2 scrolls of fear
 R - a scroll of brand weapon
Potions
 f - 2 potions of agility
 m - 9 potions of brilliance
 v - 5 potions of haste
 z - 4 potions of mutation
 D - 5 potions of curing
 L - 2 potions of might
 M - 5 potions of heal wounds
 Q - a potion of flight
 Z - 2 potions of berserk rage
Books
 k - a manual of Fighting
Miscellaneous
 I - a lightning rod (4/4)
 J - 2 boxes of beasts
 T - 3 phantom mirrors
Comestibles
 V - 16 meat rations
 Y - a bread ration


   Skills:
 - Level 13.0(18.0) Fighting
 - Level 20.0(25.0) Axes
 - Level 5.1(10.1) Armour
 - Level 10.0(15.0) Dodging
 - Level 1.5(6.5) Stealth
 + Level 9.4 Spellcasting
   Level 5.4 Conjurations
 - Level 4.2 Charms
 - Level 4.5 Necromancy
 - Level 8.9 Transmutations
 - Level 11.4 Earth Magic
 - Level 10.0 Invocations
 - Level 5.3 Evocations


You had 20 spell levels left.
You knew the following spells:

 Your Spells              Type           Power        Failure   Level  Hunger
a - Spectral Weapon       Hex/Chrm       ###.....     9%          3    None
c - Statue Form           Tmut/Erth      ######...    14%         6    ######.
d - Apportation           Tloc           ##....       6%          1    None
e - Blink                 Tloc           N/A          10%         2    None
f - Regeneration          Chrm/Necr      ####......   3%          3    None


Dungeon Overview and Level Annotations

Branches:
Dungeon (15/15)            Temple (1/1) D:5            Lair (6/6) D:9
 Shoals (3/4) Lair:4        Snake (0/4) Lair:2        Slime (0/5) Lair:5
    Orc (2/2) D:12            Elf (3/3) Orc:2        Vaults (0/5) D:13
 Depths (0/5) D:15

Altars:
Ashenzari
Cheibriados
Elyvilon
Fedhas
Kikubaaqudgha
Nemelex Xobeh
Okawaru
Ru
Vehumet
Xom
Yredelemnul
Zin
The Shining One
Jiyva

Shops:
D:6 }   D:8 !   D:10 !   Orc:2 ::(}%   Elf:1 [   Elf:2 *

Annotations:
D:4 Eustachio
D:9 anfisbena's ghost, novice TrFi
Lair:2 exclusion: oklob plant
Shoals:3 Nikola


Innate Abilities, Weirdness & Mutations

((You are partially covered in slimy green scales. (AC +2)))
Your flesh is cold resistant. (rC+)
You are somewhat resistant to further mutation.


Message History

The alligator snapping turtle bites you.
Nikola mumbles some strange words.
You hear a mighty clap of thunder!
The lightning arc hits you! You resist.
* * * LOW HITPOINT WARNING * * *
The lightning arc hits the alligator snapping turtle.
The lightning arc hits you! You resist.
* * * LOW HITPOINT WARNING * * *
The lightning arc hits the alligator snapping turtle.
The lightning arc hits you! You resist.
* * * LOW HITPOINT WARNING * * *
The merfolk impaler hits you from afar with a trident of piercing.
* * * LOW HITPOINT WARNING * * *
x2 The merfolk hits you from afar with a spear!
* * * LOW HITPOINT WARNING * * *
The merfolk impaler hits you from afar with a trident of freezing.
* * * LOW HITPOINT WARNING * * *
The merfolk closely misses you.
The merfolk hits you from afar with a spear!
You die...

##.≈≈≈≈≈≈≈≈≈≈≈≈
#.(.≈≈≈≈≈≈≈≈m≈≈≈≈≈
....≈≈≈≈≈≈≈≈≈≈≈≈≈≈≈ ≈
..!≈.≈≈≈≈≈≈≈≈≈≈≈≈≈≈≈ ≈
.≈≈m≈≈mm≈≈≈≈≈≈≈≈≈≈≈≈≈ ≈
≈≈≈≈≈≈m≈≈m≈≈≈≈≈≈≈≈≈≈≈≈ ≈
..≈≈≈cm#.≈≈≈≈≈≈≈≈≈≈≈≈≈ ≈
...≈mm@##m≈≈≈≈≈≈≈≈≈≈≈≈ ≈
...≈≈≈)8(m(≈≈≈≈≈≈≈≈≈≈≈≈≈
...≈≈≈t≈†m≈≈≈≈≈≈≈≈≈≈≈≈≈≈
#..≈≈≈≈≈(≈≈≈≈≈≈≈≈≈≈≈≈≈≈≈
.#.≈≈≈≈≈≈≈≈≈≈†..≈≈≈≈≈≈≈≈
...≈≈≈≈≈≈≈≈≈≈..≈≈≈≈≈≈≈≈≈
≈≈≈≈≈≈≈≈≈≈≈<(......≈≈..≈
≈≈≈≈≈≈≈≈≈≈≈≈.####..≈≈≈≈≈
≈≈≈≈≈≈≈≈.....# ##...≈≈≈
≈≈≈≈≈≈.≈.####.....≈≈


You could see Nikola, an alligator snapping turtle, 2 merfolk impalers, 7
merfolk and a faun.

Vanquished Creatures
  2 deep elf blademasters (Elf:3)
  2 deep elf master archers (Elf:3)
  Polyphemus (Shoals:3)
  An Executioner (Abyss:2)
  A tentacled starspawn (Abyss:2)
  Kirke (Lair:5)
  2 deep elf sorcerers (Elf:3)
  A frost giant (IceCv)
  A draconian knight (Abyss:2)
  An orc warlord (Orc:1)
  4 deep elf elementalists (Elf:3)
  Nessos (Lair:4)
  6 deep elf demonologists (Elf:3)
  4 deep elf annihilators (Elf:3)
  Azrael (Orc:2)
  Snorg (Lair:4)
  The ghost of Agrougrou the Cleaver, a journeyman GrFi of Okawaru (D:13)
  6 deep elf death magi
  A fire dragon (Lair:6)
  An ettin (D:15)
  A minotaur (Lab)
  Josephine (D:13)
  Fannar (Lair:1)
  2 hydras
  5 two-headed ogres
  A catoblepas (Shoals:3)
  6 centaur warriors
  A merfolk aquamancer (Shoals:1)
  15 dancing weapons
  15 death yaks
  A death knight (Abyss:2)
  3 orc high priests (Orc:2)
  Urug (D:13)
  10 deep elf knights
  A wretched star (Abyss:2)
  A hell knight (D:15)
  A sixfirhy (Abyss:2)
  An unseen horror (D:13)
  A swamp dragon (Lair:6)
  5 orc knights (Orc:2)
  6 sea snakes
  3 wizards
  A phantasmal warrior (Abyss:2)
  8 deep elf archers
  A necromancer (D:13)
  An orb spider (shapeshifter) (Elf:1)
  An ugly thing (D:13)
  54 deep elf magi
  3 fauns (Shoals:3)
  6 orc sorcerers
  2 manticores
  An orb spider (Abyss:2)
  3 elephants (Lair:4)
  5 black mambas
  A centaur zombie (D:13)
  Maurice (D:7)
  Psyche (D:9)
  3 merfolk sirens
  5 smoke demons (Abyss:2)
  An ice statue (IceCv)
  2 water nymphs
  4 centaur skeletons
  3 gargoyles
  2 torpor snails
  11 spiny frogs
  5 komodo dragons
  A kobold demonologist (D:12)
  6 rime drakes
  A yaktaur (shapeshifter) (Elf:2)
  A merfolk (shapeshifter) (D:13)
  4 tengu conjurers (D:15)
  An ancient zyme (Abyss:2)
  2 hellwings
  2 merfolk (Shoals:2)
  A queen bee (Orc:2)
  13 polar bears (IceCv)
  3 trolls
  A wind drake (Shoals:3)
  4 dream sheep (Lair:5)
  2 hippogriffs
  15 blink frogs
  7 large abominations (Abyss:2)
  10 slime creatures
  6 water elementals
  4 air elementals
  59 yaks
  2 wyverns
  A ynoxinul (Abyss:2)
  2 steam dragons (Lair:6)
  5 wraiths
  4 basilisks (Lair:6)
  6 fire elementals
  A hog (shapeshifter) (Elf:2)
  A chaos spawn (Abyss:2)
  4 hungry ghosts
  A vampire mosquito (D:8)
  2 wargs (Orc:1)
  4 hell hounds (Orc:2)
  10 water moccasins
  3 acid dragons
  5 porcupines
  A small abomination (Abyss:2)
  2 ice beasts
  32 orc warriors
  3 phantoms
  4 sky beasts
  14 wolves (IceCv)
  2 necrophages
  11 ogres
  18 crocodiles
  25 centaurs
  2 big kobolds
  Blork the orc (D:6)
  12 bullfrogs
  A wyvern zombie (D:9)
  A gnoll sergeant (Orc:1)
  3 earth elementals
  A water moccasin skeleton (D:8)
  3 scorpions
  9 killer bees
  18 wights
  A howler monkey (D:9)
  2 jellies
  A bullfrog zombie (D:8)
  5 crimson imps
  A gnoll shaman (D:4)
  6 hounds
  4 quasits
  21 orc priests
  4 bullfrog skeletons
  3 iguanas
  35 orc wizards
  12 hell rats
  8 worker ants
  2 killer bee zombies
  2 hound skeletons (D:5)
  7 gnolls
  7 adders
  2 shadow imps
  14 white imps
  An ufetubus (Abyss:2)
  An ooze (D:4)
  A worm (D:5)
  3 dart slugs (D:2)
  5 leopard geckos
  97 orcs
  5 giant cockroaches
  3 goblins
  10 hobgoblins
  3 jackals (D:5)
  4 quokkas
  2 ball pythons
  4 bats
  4 frilled lizards
  2 jackal skeletons
  13 kobolds
  A leopard gecko zombie (D:7)
  A quokka skeleton (D:4)
  A quokka zombie (D:8)
  4 rats
  A bush (Lair:6)
  6 fungi
  7 plants (Lair:6)
  A starspawn tentacle (Abyss:2)
920 creatures vanquished.

Vanquished Creatures (collateral kills)
  A hydra (D:15)
  A tengu warrior (D:15)
  A killer bee (D:8)
3 creatures vanquished.

Vanquished Creatures (others)
  Asterion (Elf:3)
  A deep elf archer (Elf:3)
  A polar bear (IceCv)
  A troll (D:8)
  5 humans (Lair:5)
  2 centaurs
  A killer bee (D:8)
  A worm (D:5)
  A bush (Lair:5)
  A starspawn tentacle (Abyss:2)
15 creatures vanquished.

Grand Total: 938 creatures vanquished

Notes
Turn   | Place    | Note
-------+----------+-------------------------------------------
     0 | D:1      | 4thArraOfDagon the Hill Orc Conjurer began the quest for the Orb.
     0 | D:1      | Reached XP level 1. HP: 14/14 MP: 3/3
   466 | D:2      | Reached XP level 2. HP: 20/20 MP: 1/4
   687 | D:1      | Reached XP level 3. HP: 25/26 MP: 3/5
   846 | D:2      | Reached skill level 5 in Conjurations
  1282 | D:3      | Found an iron altar of Okawaru.
  1286 | D:3      | Reached XP level 4. HP: 33/33 MP: 1/6
  1292 | D:3      | Became a worshipper of Warmaster Okawaru
  1415 | D:3      | Found a shattered altar of Ashenzari.
  1773 | D:1      | magipi: hello
  1864 | D:1      | Reached skill level 1 in Axes
  2039 | D:2      | 4thArraOfDagon: hi
  2376 | D:2      | Reached skill level 1 in Fighting
  2470 | D:2      | Turgon: Congrats for winning a Dg. (Dg are so hard to play!)
  2499 | D:2      | Noticed a sky beast
  2714 | D:2      | 4thArraOfDagon: ty
  2714 | D:2      | 4thArraOfDagon: yea
  2714 | D:2      | 4thArraOfDagon: they are struggle as fuck
  2714 | D:2      | 4thArraOfDagon: possibly right after mummies
  2726 | D:3      | Turgon: I recently played a DgTm
  2757 | D:4      | Noticed Eustachio
  2761 | D:4      | Turgon: But so bad skills
  2769 | D:5      | Entered Level 5 of the Dungeon
  2776 | D:5      | Turgon: They level too slowly in whatever you need
  2777 | D:5      | magipi: well, Tm sucks
  2789 | D:5      | magipi: FE or IE are good
  2797 | D:5      | Reached skill level 2 in Axes
  2797 | D:5      | Reached skill level 1 in Armour
  2992 | D:5      | Nebukadnezar: there was a streak of dg-wins from Nicotudor
  2997 | D:4      | jacquesderrida: Dagan
  3008 | D:4      | 4thArraOfDagon: streak of dgs? this is insane
  3008 | D:4      | 4thArraOfDagon: jade!
  3028 | D:4      | Reached XP level 5. HP: 37/40 MP: 7/7
  3050 | D:5      | Nebukadnezar: 'Nicutudor': streak of 23 dg-wins (3 rune)
  3076 | D:5      | jacquesderrida: Hi helo
  3084 | D:5      | jacquesderrida: it me
  3089 | D:5      | jacquesderrida: jed
  3194 | D:5      | Noticed a centaur
  3213 | D:5      | Found a staircase to the Ecumenical Temple.
  3218 | D:5      | jacquesderrida: Yes, the dude felt so uncomfortable to breaks streaks that he decided not to die at all instead
  3222 | Temple   | Entered the Ecumenical Temple
  3223 | Temple   | jacquesderrida: break
  3223 | Temple   | 4thArraOfDagon: ahhh 3 runes
  3434 | Temple   | jacquesderrida: Yes
  3495 | D:6      | jacquesderrida: He's only half god after all
  3553 | D:5      | Reached skill level 3 in Axes
  3909 | D:4      | Noticed an ogre
  3929 | D:4      | Reached skill level 1 in Invocations
  3929 | D:4      | jacquesderrida: Wand of clouds
  3929 | D:4      | Reached XP level 6. HP: 45/48 MP: 6/8
  3932 | D:4      | jacquesderrida: deeeeng
  3986 | D:4      | Learned a level 4 spell: Iskenderun's Mystic Blast
  4064 | D:3      | magipi: what we need now is remove curse
  4230 | D:3      | jacquesderrida: Exploding degran
  4272 | D:3      | Reached * piety under Okawaru
  4272 | D:3      | Reached skill level 4 in Axes
  4652 | D:4      | Found a radiant altar of Vehumet.
  4719 | D:5      | Reached XP level 7. HP: 18/57 MP: 1/9
  5019 | D:6      | Found Ronuups's Gadget Shoppe.
  5022 | D:6      | Noticed Blork the orc
  5037 | D:6      | Killed Blork the orc
  5037 | D:6      | Reached skill level 5 in Axes
  5197 | D:6      | Found a shimmering altar of Xom.
  5198 | D:6      | Found a white marble altar of Elyvilon.
  5237 | D:6      | Reached skill level 1 in Evocations
  5663 | D:7      | magipi: hey, war axe
  5716 | D:7      | Reached skill level 6 in Axes
  5716 | D:7      | Reached XP level 8. HP: 45/66 MP: 6/10
  5716 | D:7      | Reached ** piety under Okawaru
  5786 | D:7      | Got a faintly glowing ring mail
  5797 | D:7      | Identified the +4 ring mail of Makhleb's Benevolence {rElec rPois rF- Int+6} (You found it on level 7 of the Dungeon)
  5916 | D:8      | Noticed a troll
  5969 | D:8      | Noticed Maurice
  6140 | D:7      | Killed Maurice
  6140 | D:7      | Reached skill level 7 in Axes
  6225 | D:8      | Reached XP level 9. HP: 72/73 MP: 12/12
  6281 | D:8      | Reached skill level 5 in Fighting
  6281 | D:8      | Reached skill level 8 in Axes
  6344 | D:8      | Reached skill level 5 in Invocations
  6376 | D:8      | Found Qij Xuas's Distillery.
  6381 | D:8      | Bought 2 potions of might for 96 gold pieces
  6381 | D:8      | Bought a potion of heal wounds for 60 gold pieces
  6381 | D:8      | Bought a potion of lignification for 36 gold pieces
  6381 | D:8      | MikeHunt: so protect now only gives ac when you're attacking?
  6381 | D:8      | Bought a potion of heal wounds for 60 gold pieces
  6381 | D:8      | Bought a potion of curing for 36 gold pieces
  6427 | D:8      | Reached *** piety under Okawaru
  6535 | D:8      | Reached skill level 5 in Armour
  6535 | D:8      | Reached skill level 5 in Evocations
  6606 | D:8      | Learned a level 6 spell: Statue Form
  6606 | D:8      | 4thArraOfDagon: so <40k
  6606 | D:8      | 4thArraOfDagon: guaranteed
  6751 | D:6      | Found a shattered altar of Ashenzari.
  6836 | D:6      | Found an ancient bone altar of Kikubaaqudgha.
  7059 | D:5      | Reached skill level 9 in Axes
  7453 | D:8      | Reached skill level 1 in Earth Magic
  7474 | D:8      | Found a glowing silver altar of Zin.
  7586 | D:9      | Reached skill level 1 in Transmutations
  7603 | D:9      | Reached XP level 10. HP: 36/83 MP: 14/14
  7651 | D:9      | Noticed anfisbena's ghost (novice TrFi)
  7804 | D:10     | Entered Level 10 of the Dungeon
  7804 | D:10     | Noticed a gargoyle
  7820 | D:10     | Killed a gargoyle
  7820 | D:10     | Reached **** piety under Okawaru
  7820 | D:10     | Reached skill level 10 in Axes
  8019 | D:10     | Gained mutation: Scrolls take you a little longer to read. [mutagenic meat]
  8020 | D:10     | Gained mutation: You are somewhat resistant to further mutation. [mutagenic meat]
  8021 | D:10     | Lost mutation: You are somewhat resistant to further mutation. [mutagenic meat]
  8022 | D:10     | Gained mutation: You are partially covered in slimy green scales. (AC +2) [mutagenic meat]
  8023 | D:10     | Gained mutation: Your flesh is cold resistant. (rC+) [mutagenic meat]
  8143 | D:9      | Noticed a gargoyle
  8387 | D:9      | Found a staircase to the Lair.
  8498 | D:10     | Got a twisted leather armour
  8509 | D:10     | Identified the +2 leather armour of Pedghah {rC- rCorr Str+9 Int-5} (You found it on level 10 of the Dungeon)
  8523 | D:10     | Found a blossoming altar of Fedhas.
  8538 | D:10     | Noticed a deep elf knight
  8538 | D:10     | Noticed a two-headed ogre
  8538 | D:10     | Noticed a stone giant
  8538 | D:10     | Noticed an elephant
  8538 | D:10     | Noticed a stone giant
  8538 | D:10     | Noticed a deep elf mage
  8538 | D:10     | Noticed a great orb of eyes
  8538 | D:10     | Noticed a lindwurm
  8538 | D:10     | a two-headed ogre changed into a lindwurm
  8542 | D:10     | Noticed a glowing orange brain
  8542 | D:10     | an elephant changed into a glowing orange brain
  8727 | D:9      | Noticed a two-headed ogre
  8760 | D:9      | Killed a two-headed ogre
  8792 | D:8      | Bought a potion of haste for 120 gold pieces
  8792 | D:8      | Bought a potion of brilliance for 48 gold pieces
  8882 | D:9      | Noticed Psyche
  8899 | D:9      | Killed Psyche
  8967 | D:10     | Turgon: At least no Gr ghost
  8998 | D:11     | MikeHunt: woah
  9075 | D:11     | Found a frozen archway.
  9116 | D:11     | Gained mutation: You are somewhat resistant to further mutation. [mutagenic meat]
  9118 | D:11     | Lost mutation: Scrolls take you a little longer to read. [mutagenic meat]
  9120 | D:11     | magipi: nice
  9120 | D:11     | Turgon: You die... [4thArra the Hill Orc, killed by an ice fiend (1000 damage)
  9146 | IceCv    | Entered an ice cave
  9171 | IceCv    | Reached ***** piety under Okawaru
  9171 | IceCv    | Reached skill level 11 in Axes
  9171 | IceCv    | Reached XP level 11. HP: 77/91 MP: 16/16
  9173 | IceCv    | magipi: no, it'll be Turgon the ice fiend, killed by 4thA (1 damage)
  9173 | IceCv    | 4thArraOfDagon: you slice ice fiend like a ham!!!
  9173 | IceCv    | 4thArraOfDagon: exactly!
  9191 | IceCv    | Turgon: I don't play IF
  9282 | IceCv    | Turgon: But you can suggest in tavern that devs introduce them
  9499 | IceCv    | Reached skill level 5 in Earth Magic
  9518 | IceCv    | magipi: it wouldn't be worse than the average GDD proposal :D
  9544 | IceCv    | Received a gift from Okawaru
  9724 | IceCv    | Noticed a death yak
  9784 | IceCv    | Killed a death yak
  9915 | IceCv    | Reached skill level 12 in Axes
 10020 | IceCv    | Noticed a frost giant
 10056 | IceCv    | Killed a frost giant
 10056 | IceCv    | Received a gift from Okawaru
 10079 | IceCv    | Reached XP level 12. HP: 72/101 MP: 12/18
 10137 | IceCv    | Reached skill level 5 in Transmutations
 10171 | IceCv    | Got a crude morningstar
 10176 | IceCv    | Identified the +9 morningstar of Prudence {flame, rPois Str+4 Int+2} (You found it in an ice cave)
 10331 | D:10     | Found Peavo's Distillery.
 10336 | D:10     | Bought a potion of heal wounds for 75 gold pieces
 10336 | D:10     | Bought a potion of heal wounds for 75 gold pieces
 10512 | D:12     | Noticed a two-headed ogre
 10597 | D:12     | Noticed a four-headed hydra
 10612 | D:12     | Killed a two-headed ogre
 10618 | D:12     | Killed a four-headed hydra
 10618 | D:12     | Reached skill level 13 in Axes
 10775 | D:12     | Identified the Volume of Malediction and Changing
 10781 | D:12     | Learned a level 3 spell: Spectral Weapon
 10844 | D:12     | Received a gift from Okawaru
 10847 | D:12     | Got a dazzling executioner's axe {god gift}
 10854 | D:12     | Identified the +1 executioner's axe of the Ghost {freeze, rC- MR++ Dex+5} (Okawaru gifted it to you on level 12 of the Dungeon)
 11103 | D:12     | Found a staircase to the Orcish Mines.
 11160 | D:13     | Noticed a centaur warrior
 11170 | D:13     | Killed a centaur warrior
 11202 | D:13     | Noticed Josephine
 11231 | D:13     | Reached XP level 13. HP: 101/111 MP: 13/20
 11241 | D:13     | Killed Josephine
 11256 | D:13     | Reached skill level 5 in Spellcasting
 11260 | D:13     | Reached skill level 14 in Axes
 11445 | D:13     | Noticed Urug
 11471 | D:13     | Killed Urug
 11471 | D:13     | Received a gift from Okawaru
 11472 | D:13     | Got an encrusted longbow {god gift}
 11481 | D:13     | Identified the +1 longbow "Zukat" {speed, rF+ SInv} (Okawaru gifted it to you on level 13 of the Dungeon)
 11693 | D:13     | Noticed Agrougrou's ghost (journeyman GrFi)
 11920 | D:14     | Reached ****** piety under Okawaru
 11947 | D:15     | Entered Level 15 of the Dungeon
 12108 | D:14     | Learned a level 1 spell: Apportation
 12134 | D:15     | Received a gift from Okawaru
 12141 | D:15     | Reached skill level 15 in Axes
 12142 | D:15     | Noticed an ettin
 12179 | D:15     | Killed an ettin
 12254 | D:15     | Found a staircase to the Depths.
 12292 | D:15     | Reached skill level 10 in Earth Magic
 12343 | D:15     | Reached XP level 14. HP: 113/118 MP: 22/22
 12364 | D:15     | Received a gift from Okawaru
 12477 | D:14     | Identified the cursed +0 pair of gloves "Xurupedo" {Str+4} (You found it on level 14 of the Dungeon)
 13029 | D:13     | Killed Agrougrou's ghost
 13221 | D:13     | Found a gate to the Vaults.
 13378 | Orc:1    | Entered Level 1 of the Orcish Mines
 13535 | D:9      | Found a basalt altar of Yredelemnul.
 13662 | D:6      | Bought a wand of digging (7/24) for 308 gold pieces
 13662 | D:6      | Identified a scroll of acquirement
 13663 | D:6      | Got a warped jade ring
 13665 | D:6      | Identified the ring of the Yeti {Wiz rElec rC+ SInv} (You acquired it on level 6 of the Dungeon)
 13857 | Orc:1    | Received a gift from Okawaru
 13988 | Orc:1    | Noticed an orc warlord
 14011 | Orc:1    | Killed an orc warlord
 14268 | Orc:2    | Entered Level 2 of the Orcish Mines
 14415 | Orc:2    | Found Ellaeqyj's Book Shop.
 14419 | Orc:2    | Noticed Sonja
 14425 | Orc:2    | Noticed Sonja
 14425 | Orc:2    | Sonja changed into Sonja the queen bee
 14430 | Orc:2    | Killed Sonja the queen bee
 14556 | Orc:2    | Found a staircase to the Elven Halls.
 14654 | Orc:2    | Noticed Azrael
 14666 | Orc:2    | Killed Azrael
 14884 | Orc:2    | NOOOO
 15011 | Orc:2    | Found Biboom's Food Boutique.
 15011 | Orc:2    | Found Vuorroill's Gadget Shoppe.
 15015 | Orc:2    | Found Yla Unob's Book Shoppe.
 15015 | Orc:2    | Found Dughuodese's Weapon Boutique.
 15175 | Elf:1    | Entered Level 1 of the Elven Halls
 15179 | Elf:1    | Reached skill level 16 in Axes
 15184 | Elf:1    | Received a gift from Okawaru
 15231 | Elf:1    | Found Wenuacij's Antique Armour Shop.
 15240 | Elf:1    | Bought an embroidered cloak for 285 gold pieces
 15240 | Elf:1    | Bought a pair of embroidered boots for 285 gold pieces
 15269 | Elf:1    | Reached XP level 15. HP: 124/124 MP: 25/25
 15463 | Elf:1    | Received a gift from Okawaru
 15701 | Elf:1    | Found an ancient bone altar of Kikubaaqudgha.
 15788 | Elf:1    | Reached skill level 10 in Fighting
 15903 | Elf:1    | Reached skill level 17 in Axes
 15931 | Elf:1    | Reached skill level 5 in Dodging
 16046 | Elf:3    | Entered Level 3 of the Elven Halls
 16142 | Elf:3    | Noticed a deep elf sorcerer
 16167 | Elf:3    | Noticed a deep elf blademaster
 16173 | Elf:3    | Killed a deep elf blademaster
 16193 | Elf:3    | Noticed a deep elf sorcerer
 16197 | Elf:3    | Killed a deep elf sorcerer
 16258 | Elf:3    | Received a gift from Okawaru
 16270 | Elf:3    | Noticed a deep elf elementalist
 16273 | Elf:3    | Killed a deep elf elementalist
 16288 | Elf:3    | Got a scintillating lead amulet
 16471 | Elf:3    | Noticed a deep elf master archer
 16492 | Elf:3    | Killed a deep elf master archer
 16522 | Elf:3    | Noticed a deep elf blademaster
 16551 | Elf:3    | Killed a deep elf blademaster
 16551 | Elf:3    | Reached skill level 18 in Axes
 16551 | Elf:3    | Reached XP level 16. HP: 36/136 MP: 10/26
 16714 | Elf:3    | Noticed a deep elf master archer
 16733 | Elf:3    | Killed a deep elf master archer
 16733 | Elf:3    | Received a gift from Okawaru
 16785 | Elf:3    | Got a flickering bronze ring
 16812 | Elf:3    | Identified the amulet of the Moon {Gourm MR+} (You took it off a deep elf knight on level 3 of the Elven Halls)
 16914 | Elf:3    | Identified the ring of Absolutism {rPois AC+5} (You took it off a deep elf master archer on level 3 of the Elven Halls)
 17024 | Elf:3    | Cast into level 2 of the Abyss (a deep elf demonologist)
 17210 | Abyss:2  | Noticed a revenant
 17230 | Abyss:2  | Got a translucent pewter ring
 17500 | Abyss:2  | Identified the ring "Etinyg" {rF+ Slay+3} (You found it on level 2 of the Abyss)
 17556 | Abyss:2  | Noticed a tentacled starspawn
 17561 | Abyss:2  | Killed a tentacled starspawn
 17631 | Abyss:2  | Noticed an Executioner
 17635 | Abyss:2  | Killed an Executioner
 17637 | Abyss:2  | Received a gift from Okawaru
 17651 | Elf:3    | Escaped the Abyss
 17660 | Elf:3    | Reached skill level 19 in Axes
 17708 | Elf:3    | Noticed Asterion
 17718 | Elf:3    | Killed Asterion
 17915 | Elf:3    | Identified the Tome of Battle Magic
 17932 | Elf:3    | Identified the Compendium of Toxins and Talismans
 17956 | Elf:3    | Got a twitching copper ring
 17988 | Elf:3    | Identified the Guide on Twisted Toxins
 17992 | Elf:3    | Learned a level 2 spell: Blink
 17992 | Elf:3    | Identified Imatiptu's Collected Works on Glacial Poisoning
 18085 | Elf:3    | Reached XP level 17. HP: 146/146 MP: 21/27
 18095 | Elf:3    | Received a gift from Okawaru
 18110 | Elf:3    | Got a pitted tin ring
 18116 | Elf:3    | Identified the cursed +1 plate armour of Fortification {*Corrode rElec Stlth+} (You found it on level 3 of the Elven Halls)
 18203 | Elf:2    | jacquesderrida: DAGANZ
 18203 | Elf:2    | 4thArraOfDagon: oh
 18203 | Elf:2    | 4thArraOfDagon: its you :)
 18203 | Elf:2    | jacquesderrida: HI HELO
 18204 | Elf:2    | jacquesderrida: it me...
 18212 | Elf:2    | Found Yroad's Assorted Antiques.
 18233 | Elf:2    | Bought an encrusted hat for 297 gold pieces
 18233 | Elf:2    | Bought 2 scrolls of identify for 132 gold pieces
 18233 | Elf:2    | Identified the ring "Toivuh" {rC+ rN++ MR+++ Dex+3 Stlth-} (You took it off a deep elf sorcerer on level 3 of the Elven Halls)
 18234 | Elf:2    | Identified the +0 hat of Complete Protection {Dex+3} (You bought it in a shop on level 2 of the Elven Halls)
 18454 | Elf:2    | Identified the ring of Qost {rC+ Str+5 Int-4} (You took it off a deep elf demonologist on level 3 of the Elven Halls)
 18469 | Elf:2    | Received a gift from Okawaru
 18476 | Elf:2    | Got a steaming hand axe {god gift}
 18499 | Elf:2    | Turgon: I probably asked this before: why didn't you start as octopode?
 18529 | Elf:2    | Identified the +8 hand axe "Umoumaon" {chop, rElec Str+3 Dex+4} (Okawaru gifted it to you on level 2 of the Elven Halls)
 18659 | Elf:1    | 4thArraOfDagon: eternal question
 18710 | Orc:2    | Turgon: well, after 100 good rings you want to ask it
 18710 | Orc:2    | Bought a book of Battle for 680 gold pieces
 18714 | Orc:2    | Learned a level 3 spell: Regeneration
 18886 | D:9      | Turgon: A good idea NOT to get rings in the game: start as octopode and worship Gozag
 18984 | Lair:1   | Entered Level 1 of the Lair of Beasts
 18985 | Lair:1   | Turgon: No jewellry shops then
 18995 | Lair:1   | 4thArraOfDagon: 100% chanc for armor shops :p
 19003 | Lair:1   | Turgon: :-)
 19088 | Lair:1   | Turgon: I was disappointed about Op of Gozag. Same experience from Charly!
 19109 | Lair:1   | Noticed Fannar
 19117 | Lair:1   | Killed Fannar
 19143 | Lair:1   | Reached skill level 20 in Axes
 19183 | Lair:1   | Reached skill level 10 in Invocations
 19227 | Lair:1   | murphy: why disappointed?
 19311 | Lair:2   | Turgon: As I said before: Gozag didn't offer jewellry shops
 19318 | Lair:2   | Found a snail-covered altar of Cheibriados.
 19379 | Lair:2   | Reached skill level 10 in Dodging
 19470 | Lair:2   | Found a staircase to the Snake Pit.
 19486 | Lair:2   | OK...
 19697 | Lair:5   | Found a staircase to the Slime Pits.
 19698 | Lair:5   | Found a labyrinth entrance.
 19700 | Lair:5   | Found a viscous altar of Jiyva.
 19724 | Lab      | Entered a labyrinth
 20032 | Lab      | Identified the Collected Works on Black Rites
 20081 | Lair:5   | Reached skill level 1 in Necromancy
 20082 | Lair:5   | Reached skill level 1 in Charms
 20298 | Lair:5   | Noticed Kirke
 20314 | Lair:5   | Killed Kirke
 20578 | Lair:6   | Entered Level 6 of the Lair of Beasts
 21179 | Lair:4   | Noticed Snorg
 21190 | Lair:4   | Killed Snorg
 21190 | Lair:4   | Reached XP level 18. HP: 138/157 MP: 24/30
 21197 | Lair:4   | Noticed Nessos
 21217 | Lair:4   | Killed Nessos
 21217 | Lair:4   | Received a gift from Okawaru
 21239 | Lair:4   | Found a staircase to the Shoals.
 21263 | Shoals:1 | Entered Level 1 of the Shoals
 21497 | Shoals:3 | Noticed Polyphemus
 21500 | Shoals:3 | Noticed Nikola
 21506 | Shoals:3 | Killed Polyphemus
 21517 | Shoals:3 | Slain by a merfolk

Vault maps used:
D:1:      grunt_arrival_lava_bath
D:2:      minmay_misc_feat_encased, minmay_pentomino_x2
D:3:      ashenzari_conservatory_becter, okawaru_ov_weapons_minmay, first_bread,
          hangedman_glass_teeth
D:4:      vehumet_crystals, uniq_eustachio
D:5:      lemuel_temple_firewalk_b, serial_shops, shop, portal_sewer_entry_a,
          st_stairs_9
D:6:      gammafunk_temple_overflow_statue, serial_shops, shop, basic_altar,
          cheibrodos_ashenzari_chains, uniq_blork_the_orc
D:8:      cheibrodos_barr_body, lemuel_doored_altar, serial_shops,
          nicolae_shop_stone, uniq_maurice
D:9:      lair_entry_dummy, grunt_livestock, yredelemnul_altar_generic,
          uniq_psyche
D:10:     serial_shops, kennysheep_little_box, hangedman_decor_diamond_cutter,
          minmay_the_grid_triangle_9x9_rhombus_thin
D:11:     portal_ice_cave_entry_imps, evilmike_minifort
D:12:     david_orc_3
D:13:     david_vaults_4, special_room, uniq_urug, uniq_josephine
D:14:     kennysheep_small_spiral
D:15:     hangedman_depths_entry_civil_slaughter, small_chamber_with_monster
Temple:   eino_temple_rhombus
Lair:1:   serial_bayou_ford_a, cheibrodos_lair_caveside_slide,
          lemuel_fruit_tree, uniq_fannar
Lair:2:   statuecave_lemuel, dummy_snake_entry, lemuel_oklob_altar,
          grunt_megastairs_2
Lair:3:   minivault_11
Lair:4:   minmay_shoals_entry_lonely_mermaid, serial_bayou_pond_d, uniq_snorg,
          uniq_nessos
Lair:5:   slime_altar_1, lab_entry_generic, uniq_kirke
Lair:6:   guppyfry_lair_end_dragon
Shoals:1: nicolae_shoals_flooded_hall, uniq_frances
Shoals:3: uniq_nikola, uniq_polyphemus
Orc:1:    guppyfry_library_mini
Orc:2:    grunt_orc_tribal_feast, serial_shops, nicolae_shop_statue_plus,
          uniq_sonja, uniq_azrael
Elf:1:    elf_arrival_002, serial_shops, shop, basic_altar,
          hangedman_elven_crosses_minicolossus
Elf:2:    serial_shops, shop
Elf:3:    grunt_elf_hall_spiral, uniq_asterion
Abyss:2:  hangedman_abyss_or_decor_lesser_grid
Lab:      labyrinth_spiral
IceCv:    ice_cave_caverns_03

Skill      XL: |  1  2  3  4  5  6  7  8  9 10 11 12 13 14 15 16 17 18 |
---------------+-------------------------------------------------------+-----
Conjurations   | 5 |  5.4
Axes           | 2 3 4 6 7 9 11 12 13 15 16 18 19 20 | 20.0
Fighting       | 1 2 3 4 5 6 8 9 10 12 13 | 13.0
Armour         | 1 2 3 4 5 |  5.1
Invocations    | 1 2 3 4 6 7 8 9 10 | 10.0
Evocations     | 2 4 5 |  5.3
Spellcasting   | 2 3 4 5 7 8 9 |  9.4
Earth Magic    | 1 4 6 8 10 11 | 11.4
Transmutations | 1 3 4 6 7 8 |  8.9
Dodging        | 2 6 9 10 | 10.0
Necromancy     | 4 |  4.5
Charms         | 4 |  4.2
Stealth        | |  1.5

Action                   |  1- 3 |  4- 6 |  7- 9 | 10-12 | 13-15 | 16-18 || total
-------------------------+-------+-------+-------+-------+-------+-------++-------
Melee: Unarmed           |     3 |       |       |       |       |       ||     3
       Club              |     6 |       |       |       |       |       ||     6
       Whip              |     6 |       |       |       |       |       ||     6
       Hand axe          |       |   126 |       |       |       |       ||   126
       Mace              |       |       |   390 |    82 |       |       ||   472
       Punch             |       |       |     4 |     5 |    11 |     3 ||    23
       Broad axe         |       |       |       |   332 |       |       ||   332
       Morningstar       |       |       |       |   223 |   859 |   595 ||  1677
       Battleaxe         |       |       |       |    34 |       |   252 ||   286
 Cast: Magic Dart        |    61 |    99 |    32 |       |       |       ||   192
       Statue Form       |       |       |       |       |    30 |    42 ||    72
       Apportation       |       |       |       |       |     1 |       ||     1
       Spectral Weapon   |       |       |       |       |     1 |       ||     1
       Regeneration      |       |       |       |       |       |     1 ||     1
Invok: Heroism           |       |     1 |    17 |    38 |    41 |    15 ||   112
       Finesse           |       |       |       |     3 |     6 |     4 ||    13
 Abil: Evoke Berserk Rag |       |       |     5 |     9 |       |       ||    14
       End Transformatio |       |       |       |       |     8 |    21 ||    29
Evoke: Wand              |       |       |     2 |     6 |    15 |     2 ||    25
       Box of beasts     |       |       |       |       |     2 |       ||     2
  Use: Scroll            |       |     9 |     5 |    10 |     7 |    19 ||    50
       Potion            |       |     6 |       |       |     3 |     2 ||    11
 Stab: Sleeping          |       |     2 |     1 |     3 |     2 |       ||     8
       Confused          |       |       |       |     2 |       |       ||     2
       Distracted        |       |       |       |     1 |       |       ||     1
       Paralysed         |       |       |       |     1 |       |       ||     1
  Eat: Chunk             |     3 |     8 |     8 |    24 |    24 |    11 ||    78
       Fruit             |       |     2 |     4 |     2 |       |    11 ||    19
       Royal jelly       |       |     2 |     3 |     3 |     2 |     3 ||    13
       Bread ration      |       |       |       |     1 |     3 |     1 ||     5
       Meat ration       |       |       |       |       |       |     2 ||     2
Armor: Leather armour    |     7 |    38 |       |       |       |       ||    45
       Ring mail         |       |       |   247 |    58 |       |    56 ||   361
       Troll leather arm |       |       |       |   197 |   196 |    25 ||   418
       Skin              |       |       |       |       |   317 |   357 ||   674
Dodge: Dodged            |    23 |   130 |   264 |   396 |   606 |   685 ||  2104
Block: Other             |       |    40 |       |       |       |       ||    40
